CAL (WIN)
INLAND EMPIRE 66ERS @ MYRTLE BEACH PELICANS
12/10/2044
 
TOP OF THE 1ST
Inland Empire 66ers batting - Pitching for Myrtle Beach Pelicans : RHP Arnaldo Cardamenho
Pitching: RHP Arnaldo Cardamenho
Batting: RHB Melvin Gomez 0-0: Called Strike
0-1: Ball
1-1: Fly out, F3 (Popup, 34S, EV 72.5 MPH)
Batting: RHB Luis Romero 0-0: Ball
1-0: Called Strike
1-1: Swinging Strike
1-2: Fly out, F9 (Flyball, 89D, EV 96.3 MPH)
Batting: LHB Rusty Ney 0-0: Ball
1-0: Foul Ball, location: 2F
1-1: Foul Ball, location: 2F
1-2: Ball
2-2: Ball
3-2: Base on Balls
Batting: RHB Mike Alm 0-0: Ball
Wild Pitch!
Rusty Ney to second
1-0: Ball
2-0: Foul Ball, location: 2F
2-1: Ground out 3-1 (Groundball, 34, EV 111.9 MPH)
Top of the 1st over - 0 runs, 0 hits, 0 errors, 1 left on base; Inland Empire 0 - Myrtle Beach 0
BOTTOM OF THE 1ST
Myrtle Beach Pelicans batting - Pitching for Inland Empire 66ers : RHP Robbie Delgado
Pitching: RHP Robbie Delgado
Batting: RHB Mike Savage 0-0: Ball
1-0: Called Strike
1-1: SINGLE (Line Drive, 56, EV 95.0 MPH)
Batting: LHB Mark Huey 0-0: Grounds into double play, 3-6-1 (Groundball, 3, EV 101.3 MPH)
Batting: RHB Francisco Ramirez 0-0: Ball
1-0: Called Strike
1-1: Ground out 1-3 (Groundball, 25, EV 66.3 MPH)
Bottom of the 1st over - 0 runs, 1 hit, 0 errors, 0 left on base; Inland Empire 0 - Myrtle Beach 0
TOP OF THE 2ND
Inland Empire 66ers batting - Pitching for Myrtle Beach Pelicans : RHP Arnaldo Cardamenho
Batting: RHB Ryuji Ito 0-0: Ball
1-0: Foul Ball, location: 2F
1-1: Called Strike
1-2: Strikes out swinging
Batting: RHB Ryan Munro 0-0: Ball
1-0: Swinging Strike
1-1: Ball
2-1: Called Strike
2-2: DOUBLE (Groundball, 5L, EV 104.4 MPH)
Batting: LHB Justin Alexander 0-0: Called Strike
0-1: Swinging Strike
0-2: Ball
1-2: Ball
2-2: Strikes out looking
Batting: RHB Jon Griffin 0-0: Called Strike
0-1: Swinging Strike
0-2: Ball
1-2: Ball
Wild Pitch!
Ryan Munro to third
2-2: Foul Ball, location: 2F
2-2: Strikes out looking
Top of the 2nd over - 0 runs, 1 hit, 0 errors, 1 left on base; Inland Empire 0 - Myrtle Beach 0
BOTTOM OF THE 2ND
Myrtle Beach Pelicans batting - Pitching for Inland Empire 66ers : RHP Robbie Delgado
Batting: RHB Jason Ostrom 0-0: Called Strike
0-1: Swinging Strike
0-2: SINGLE (Line Drive, 8LS, EV 93.8 MPH)
Batting: RHB Sam Sours 0-0: Called Strike
0-1: Fly out, F8 (Flyball, 8LM, EV 92.5 MPH)
Batting: LHB Kwang-chih Men 0-0: Called Strike
0-1: Foul Ball, location: 2F
0-2: Foul Ball, location: 2F
0-2: Ball
Jason Ostrom steals 2nd base
1-2: Fly out, F8 (Flyball, 8RXD, EV 82.5 MPH)
Runner from 2nd tags up, SAFE at 3rd, no throw by CF
Batting: RHB Brad Santanello 0-0: SINGLE (Flyball, 89S, EV 90.6 MPH)
Jason Ostrom scores
Batting: SHB Gabriel Cruz 0-0: Fielders Choice at 2nd, 5-4 (Groundball, 6, EV 100.0 MPH)
Bottom of the 2nd over - 1 run, 2 hits, 0 errors, 1 left on base; Inland Empire 0 - Myrtle Beach 1
TOP OF THE 3RD
Inland Empire 66ers batting - Pitching for Myrtle Beach Pelicans : RHP Arnaldo Cardamenho
Batting: RHB Wilford Harper 0-0: Swinging Strike
0-1: Foul Ball, location: 2F
0-2: Ball
1-2: Ball
2-2: Strikes out looking
Batting: RHB Melvin Gomez 0-0: Ball
1-0: SINGLE (Groundball, 6, EV 96.3 MPH)
Batting: RHB Luis Romero 0-0: Called Strike
0-1: Ball
1-1: Called Strike
1-2: Ball
2-2: Strikes out swinging
Batting: LHB Rusty Ney 0-0: Called Strike
0-1: Swinging Strike
0-2: Strikes out swinging
Top of the 3rd over - 0 runs, 1 hit, 0 errors, 1 left on base; Inland Empire 0 - Myrtle Beach 1
BOTTOM OF THE 3RD
Myrtle Beach Pelicans batting - Pitching for Inland Empire 66ers : RHP Robbie Delgado
Batting: RHB Brian Gargis 0-0: Called Strike
0-1: Ball
1-1: DOUBLE (Line Drive, 89M, EV 94.4 MPH)
Batting: RHB Mike Savage 0-0: Ball
1-0: Called Strike
1-1: Ball
2-1: Foul Ball, location: 2F
2-2: Strikes out looking
Batting: LHB Mark Huey 0-0: Called Strike
0-1: Ball
1-1: Foul Ball, location: 2F
1-2: Foul Ball, location: 2F
1-2: Foul Ball, location: 2F
1-2: Ground out 6-3 (Groundball, 6M, EV 91.9 MPH)
Brian Gargis to third
Batting: RHB Francisco Ramirez 0-0: Ball
1-0: Foul Ball, location: 2F
1-1: Ball
2-1: Swinging Strike
2-2: Strikes out swinging
Bottom of the 3rd over - 0 runs, 1 hit, 0 errors, 1 left on base; Inland Empire 0 - Myrtle Beach 1
TOP OF THE 4TH
Inland Empire 66ers batting - Pitching for Myrtle Beach Pelicans : RHP Arnaldo Cardamenho
Batting: RHB Mike Alm 0-0: Called Strike
0-1: Called Strike
0-2: Strikes out looking
Batting: RHB Ryuji Ito 0-0: Ball
1-0: Foul Ball, location: 2F
1-1: Ball
2-1: Foul Ball, location: 2F
2-2: Foul Ball, location: 2F
2-2: Strikes out swinging
Batting: RHB Ryan Munro 0-0: Called Strike
0-1: Foul Ball, location: 2F
0-2: Ball
1-2: Ball
2-2: Foul Ball, location: 2F
2-2: Ball
3-2: Strikes out swinging
Top of the 4th over - 0 runs, 0 hits, 0 errors, 0 left on base; Inland Empire 0 - Myrtle Beach 1
BOTTOM OF THE 4TH
Myrtle Beach Pelicans batting - Pitching for Inland Empire 66ers : RHP Robbie Delgado
Batting: RHB Jason Ostrom 0-0: Called Strike
0-1: Ground out 4-3 (Groundball, 34, EV 97.5 MPH)
Batting: RHB Sam Sours 0-0: Ball
1-0: Fly out, F8 (Flyball, 78M, EV 88.8 MPH)
Batting: LHB Kwang-chih Men 0-0: Called Strike
0-1: Fly out, F6 (Popup, 6, EV 78.1 MPH)
Bottom of the 4th over - 0 runs, 0 hits, 0 errors, 0 left on base; Inland Empire 0 - Myrtle Beach 1
TOP OF THE 5TH
Inland Empire 66ers batting - Pitching for Myrtle Beach Pelicans : RHP Arnaldo Cardamenho
Batting: LHB Justin Alexander 0-0: Called Strike
0-1: Swinging Strike
0-2: Ball
1-2: Strikes out swinging
Batting: RHB Jon Griffin 0-0: Ball
1-0: Ball
2-0: Foul Ball, location: 2F
2-1: Ball
3-1: Foul Ball, location: 2F
3-2: Base on Balls
Pitching: LHP Andres Lobato
Batting: RHB Wilford Harper 0-0: Fielders Choice at 2nd, 6-4 (Groundball, 6, EV 88.1 MPH)
Batting: RHB Melvin Gomez 0-0: Ball
1-0: Fly out, F9 (Flyball, 9LM, EV 85.6 MPH)
Top of the 5th over - 0 runs, 0 hits, 0 errors, 1 left on base; Inland Empire 0 - Myrtle Beach 1
BOTTOM OF THE 5TH
Myrtle Beach Pelicans batting - Pitching for Inland Empire 66ers : RHP Robbie Delgado
Batting: RHB Brad Santanello 0-0: Ball
1-0: Foul Ball, location: 2F
1-1: Foul Ball, location: 2F
1-2: Strikes out swinging
Batting: SHB Gabriel Cruz 0-0: Foul Ball, location: 2F
0-1: SOLO HOME RUN (Flyball, 8RXD, EV 107.5 MPH), Distance : 419 ft
Batting: RHB Brian Gargis 0-0: Called Strike
0-1: Swinging Strike
0-2: Ball
1-2: Foul Ball, location: 2F
1-2: Ball
2-2: SINGLE (Line Drive, 8RS, EV 104.4 MPH)
Batting: RHB Mike Savage 0-0: Ball
1-0: Foul Ball, location: 2F
1-1: Foul Ball, location: 2F
1-2: Fly out, F9 (Flyball, 89S, EV 91.9 MPH)
Batting: LHB Mark Huey 0-0: Ball
1-0: Called Strike
Brian Gargis steals 2nd base (no throw)
1-1: Swinging Strike
1-2: Strikes out swinging
Bottom of the 5th over - 1 run, 2 hits, 0 errors, 1 left on base; Inland Empire 0 - Myrtle Beach 2
TOP OF THE 6TH
Inland Empire 66ers batting - Pitching for Myrtle Beach Pelicans : LHP Andres Lobato
Batting: RHB Luis Romero 0-0: Ball
1-0: Swinging Strike
1-1: Called Strike
1-2: Strikes out looking
Batting: LHB Rusty Ney 0-0: Ground out U3 (Groundball, 3, EV 102.5 MPH)
Batting: RHB Mike Alm 0-0: Called Strike
0-1: Fly out, F5 (Line Drive, 5, EV 66.9 MPH)
Top of the 6th over - 0 runs, 0 hits, 0 errors, 0 left on base; Inland Empire 0 - Myrtle Beach 2
BOTTOM OF THE 6TH
Myrtle Beach Pelicans batting - Pitching for Inland Empire 66ers : RHP Robbie Delgado
Batting: RHB Francisco Ramirez 0-0: Ball
1-0: Called Strike
1-1: Swinging Strike
1-2: Fly out, F4 (Popup, 4S, EV 80.0 MPH)
Batting: RHB Jason Ostrom 0-0: Ball
1-0: Fly out, F7 (Flyball, 7LM, EV 95.0 MPH)
Batting: RHB Sam Sours 0-0: Ground out 6-3 (Groundball, 6, EV 79.4 MPH)
Bottom of the 6th over - 0 runs, 0 hits, 0 errors, 0 left on base; Inland Empire 0 - Myrtle Beach 2
TOP OF THE 7TH
Inland Empire 66ers batting - Pitching for Myrtle Beach Pelicans : LHP Andres Lobato
Pitching: LHP Neal Brody
Batting: RHB Ryuji Ito 0-0: Called Strike
0-1: Ball
1-1: Fly out, F9 (Line Drive, 9, EV 108.1 MPH)
Batting: RHB Ryan Munro 0-0: Ball
1-0: Ball
2-0: Ball
3-0: Called Strike
3-1: Fly out, F7 (Flyball, 78M, EV 89.4 MPH)
Batting: LHB Justin Alexander 0-0: Called Strike
0-1: Fly out, F9 (Flyball, 9LS, EV 88.1 MPH)
Top of the 7th over - 0 runs, 0 hits, 0 errors, 0 left on base; Inland Empire 0 - Myrtle Beach 2
BOTTOM OF THE 7TH
Myrtle Beach Pelicans batting - Pitching for Inland Empire 66ers : RHP Robbie Delgado
Batting: LHB Kwang-chih Men 0-0: Ball
1-0: Fly out, F8 (Flyball, 8LD, EV 90.6 MPH)
Batting: RHB Brad Santanello 0-0: Swinging Strike
0-1: Ball
1-1: Ball
2-1: Fly out, F8 (Flyball, 8LD, EV 92.5 MPH)
Batting: SHB Gabriel Cruz 0-0: Ball
1-0: Foul Ball, location: 2F
1-1: SINGLE (Flyball, 4D, EV 93.8 MPH)
Pitching: RHP Danny Nava
Batting: RHB Brian Gargis 0-0: Called Strike
Gabriel Cruz steals 2nd base (no throw)
0-1: Fly out, F9 (Flyball, 89M, EV 90.0 MPH)
Bottom of the 7th over - 0 runs, 1 hit, 0 errors, 1 left on base; Inland Empire 0 - Myrtle Beach 2
TOP OF THE 8TH
Inland Empire 66ers batting - Pitching for Myrtle Beach Pelicans : LHP Neal Brody
Batting: RHB Jon Griffin 0-0: DOUBLE (Flyball, 89XD, EV 105.0 MPH)
Batting: RHB Wilford Harper 0-0: Ball
1-0: Called Strike
1-1: Ball
2-1: Fly out, F8 (Flyball, 78D, EV 88.8 MPH)
Batting: RHB Melvin Gomez 0-0: Called Strike
0-1: Foul Ball, location: 2F
0-2: Ball
1-2: TRIPLE (Line Drive, 78XD, EV 96.9 MPH)
Jon Griffin scores
Batting: RHB Luis Romero 0-0: Foul Ball, location: 2F
0-1: Ball
1-1: Foul Ball, location: 2F
1-2: Foul Ball, location: 2F
1-2: Strikes out swinging
Batting: LHB Rusty Ney 0-0: Called Strike
0-1: Swinging Strike
0-2: Foul Ball, location: 2F
0-2: Strikes out swinging
Top of the 8th over - 1 run, 2 hits, 0 errors, 1 left on base; Inland Empire 1 - Myrtle Beach 2
BOTTOM OF THE 8TH
Myrtle Beach Pelicans batting - Pitching for Inland Empire 66ers : RHP Danny Nava
Batting: RHB Mike Savage 0-0: Called Strike
0-1: SINGLE (Groundball, 34D, EV 105.0 MPH)
Batting: LHB Mark Huey 0-0: Swinging Strike
0-1: Ball
1-1: Ball
2-1: Swinging Strike
2-2: Ball
3-2: Foul Ball, location: 2F
3-2: Strikes out swinging
Batting: RHB Francisco Ramirez 0-0: Ball
Mike Savage steals 2nd base
1-0: Called Strike
1-1: Called Strike
1-2: Ball
2-2: Strikes out looking
Batting: RHB Jason Ostrom 0-0: Ball
1-0: Called Strike
1-1: Ball
2-1: Swinging Strike
2-2: Foul Ball, location: 2F
2-2: Ball
3-2: Base on Balls
Batting: RHB Sam Sours 0-0: Swinging Strike
0-1: Foul Ball, location: 2F
0-2: Strikes out looking
Bottom of the 8th over - 0 runs, 1 hit, 0 errors, 2 left on base; Inland Empire 1 - Myrtle Beach 2
TOP OF THE 9TH
Inland Empire 66ers batting - Pitching for Myrtle Beach Pelicans : LHP Neal Brody
Pitching: RHP Josh Deyo
Batting: RHB Mike Alm 0-0: Ball
1-0: Ball
2-0: Ball
3-0: Base on Balls
Pinch Hitting: SHB Mario Padron 0-0: Ball
1-0: Ball
2-0: Ball
3-0: Base on Balls
Mike Alm to second
Batting: RHB Ryan Munro 0-0: Ball
1-0: Sac Bunt to 15S - play at first, batter OUT! 1-4
Mike Alm to third
Mario Padron to second
Batting: LHB Justin Alexander 0-0: Intentional Walk
Batting: RHB Jon Griffin 0-0: Foul Ball, location: 2F
0-1: Swinging Strike
0-2: DOUBLE (Groundball, 3L, EV 103.1 MPH)
Mike Alm scores
Mario Padron scores
Justin Alexander to third
Batting: RHB Wilford Harper 0-0: Called Strike
0-1: 3-RUN HOME RUN (Flyball, 7D, EV 96.9 MPH), Distance : 381 ft
Pitching: RHP Jean-Paul Lefebvre
Batting: RHB Melvin Gomez 0-0: Foul Ball, location: 2F
0-1: Ball
1-1: Ball
2-1: Foul Ball, location: 2F
2-2: Reached on error, E6 (Groundball, 6, EV 80.6 MPH)
Batting: RHB Luis Romero 0-0: Called Strike
0-1: Ball
1-1: Ball
2-1: Ball
3-1: Ground out 5-3 (Groundball, 5L, EV 83.8 MPH)
Batting: LHB Rusty Ney 0-0: Foul Ball, location: 2F
0-1: Called Strike
0-2: Ball
1-2: Strikes out swinging
Top of the 9th over - 5 runs, 2 hits, 1 error, 1 left on base; Inland Empire 6 - Myrtle Beach 2
BOTTOM OF THE 9TH
Myrtle Beach Pelicans batting - Pitching for Inland Empire 66ers : RHP Danny Nava
Pitching: RHP Chris Russell
Now at 1B: Luis Romero
Now at SS: Oren Jones
Batting: LHB Kwang-chih Men 0-0: Ball
1-0: Foul Ball, location: 2F
1-1: Foul Ball, location: 2F
1-2: Ball
2-2: Foul Ball, location: 2F
2-2: Ball
3-2: Foul Ball, location: 2F
3-2: Ground out 6-3 (Groundball, 6M, EV 83.1 MPH)
Batting: RHB Brad Santanello 0-0: Ball
1-0: Ball
2-0: Ball
3-0: Called Strike
3-1: Foul Ball, location: 2F
3-2: Strikes out swinging
Batting: SHB Gabriel Cruz 0-0: Called Strike
0-1: Swinging Strike
0-2: Foul Ball, location: 2F
0-2: Strikes out looking
Bottom of the 9th over - 0 runs, 0 hits, 0 errors, 0 left on base; Inland Empire 6 - Myrtle Beach 2
Thursday, March 31st , 2022 - OOTP Baseball 22.12 Build 89